 Dungeon Crawl Stone Soup version 0.23-a0-358-g98c7a59 (webtiles) character file.

265073 galech the Severer (level 20, -8/161 HPs)
             Began as a Demonspawn Fighter on Oct 22, 2018.
             Was the Champion of Okawaru.
             Mangled by a caustic shrike (19 damage)
             ... on level 2 of the Depths.
             The game lasted 01:19:12 (37423 turns).

galech the Severer (Demonspawn Fighter)            Turns: 37423, Time: 01:19:13

Health: -8/161     AC: 27    Str: 22    XL:     20   Next: 0%
Magic:  0/23       EV:  9    Int: 11    God:    Okawaru [******]
Gold:   3226       SH: 16    Dex: 34    Spells: 19/19 levels left

rFire    + + .     SeeInvis .   o - +9 broad axe (elec)
rCold    + . .     Gourm    .   c - +0 shield
rNeg     . . .     Faith    .   R - +6 gold dragon scales
rPois    +         Spirit   +   G - +2 helmet "Saxad" {Regen+ Dex+4}
rElec    +         Reflect  .   g - +2 cloak of Dishonour {Dex+7}
rCorr    .         Harm     .   M - +2 pair of gloves {Str+3}
MR       +....                  J - +0 pair of boots
Stlth    ++........             l - amulet "Qoycwaf" {Spirit rElec}
HPRegen  0.76/turn              O - ring of Robustness {AC+8}
MPRegen  0.18/turn              Y - +5 ring of dexterity

@: about to teleport, corroded, studying Stealth
A: claws 2, rugged brown scales 3, demonic guardian 2, fire resistance 1, frail
1, nightstalker 3
a: Heroism, Finesse, Renounce Religion


You were on level 2 of the Depths.
You worshipped Okawaru.
Okawaru was exalted by your worship.
You were hungry.

You visited 6 branches of the dungeon, and saw 29 of its levels.
You visited the Abyss 1 time.
You also visited: Sewer, Ice Cave and Wizlab.

You collected 3324 gold pieces.
You spent 98 gold pieces at shops.

Inventory:

Hand Weapons
 o - a +9 broad axe of electrocution (weapon)
 B - a +5 broad axe of flaming
Armour
 c - a +0 shield (worn)
 g - the +2 cloak of Dishonour (worn) {Dex+7}
   (Okawaru gifted it to you on level 5 of the Lair of Beasts)

   It affects your dexterity (+7).
 G - the +2 helmet "Saxad" (worn) {Regen+ Dex+4}
   (Okawaru gifted it to you on level 2 of the Elven Halls)

   It affects your dexterity (+4).
   It increases your rate of regeneration.
 J - a +0 pair of boots (worn)
 K - the +0 Maxwell's etheric cage {RegenMP+ *Contam rElec MP+4}
   (You found it on level 8 of the Dungeon)

   It insulates you from electricity.
   It affects your magic capacity (+4).
   It causes magical contamination when unequipped.
 M - a +2 pair of gloves of strength (worn)
 N - a scarf of resistance
 R - +6 gold dragon scales (worn)
Jewellery
 l - the amulet "Qoycwaf" (around neck) {Spirit rElec}
   (You acquired it on level 14 of the Dungeon)

   [amulet of guardian spirit]

   It causes incoming damage to be split between your health and magic.
   It insulates you from electricity.
 s - an uncursed ring of protection from cold
 H - an uncursed amulet of rage
 I - an uncursed ring of resist corrosion
 L - an uncursed amulet of the gourmand
 O - the ring of Robustness (left hand) {AC+8}
   (You found it on level 6 of the Lair of Beasts)

   [ring of protection]

   It affects your AC (+8).
 U - the ring of the Mage {Wiz MR++ Int+3}
   (You found it on level 3 of the Elven Halls)

   [ring of wizardry]

   It improves your spell success rate.
   It affects your intelligence (+3).
   It affects your resistance to hostile enchantments.
 Y - a +5 ring of dexterity (right hand)
Wands
 x - a wand of digging (31)
 E - a wand of flame (27)
Scrolls
 a - 2 scrolls of acquirement
 n - 15 scrolls of teleportation
 t - 12 scrolls of remove curse
 u - 7 scrolls of fog
 w - 4 scrolls of magic mapping
 y - 4 scrolls of fear
 C - 4 scrolls of blinking
 D - a scroll of brand weapon {unknown}
 Q - 2 scrolls of silence
 T - a scroll of enchant weapon
Potions
 d - 7 potions of might
 e - 3 potions of berserk rage {unknown}
 h - 11 potions of heal wounds
 i - 9 potions of flight
 j - a potion of resistance {unknown}
 k - 2 potions of ambrosia {unknown}
 m - 5 potions of degeneration {unknown}
 p - 4 potions of brilliance {unknown}
 q - 3 potions of agility {unknown}
 r - 5 potions of cancellation {unknown}
 v - 6 potions of lignification {unknown}
 z - 5 potions of curing
 A - 5 potions of magic {unknown}
 S - a potion of mutation {unknown}
 V - 4 potions of invisibility
Books
 Z - a manual of Stealth
Miscellaneous
 P - a lightning rod (4/4)
Comestibles
 b - 18 chunks of flesh
 f - 56 rations


   Skills:
 + Level 16.3 Fighting
   Level 3.3 Long Blades
 + Level 19.8 Axes
 + Level 12.1 Armour
 + Level 6.1 Dodging
 + Level 10.9 Stealth
 + Level 15.7 Shields
 + Level 4.3 Invocations


You had 19 spell levels left.
You didn't know any spells.
Your spell library contained the following spells:

 Spells                   Type           Power        Failure   Level  Hunger
 Animate Skeleton         Necr           N/A          100%        1    ##.....
 Apportation              Tloc           #.....       100%        1    ##.....
 Beastly Appendage        Tmut           #.....       100%        1    ##.....
 Confusing Touch          Hex            #.....       100%        1    ##.....
 Corona                   Hex            #......      100%        1    ##.....
 Flame Tongue             Conj/Fire      #....        100%        1    ##.....
 Freeze                   Ice            #...         100%        1    ##.....
 Magic Dart               Conj           #...         100%        1    ##.....
 Shock                    Conj/Air       #...         100%        1    ##.....
 Sting                    Conj/Pois      #...         100%        1    ##.....
 Summon Butterflies       Summ           #.......     100%        1    ##.....
 Summon Small Mammal      Summ           #...         100%        1    ##.....
 Blink                    Tloc           N/A          100%        2    ###....
 Call Imp                 Summ           #.......     100%        2    ###....
 Poisonous Vapours        Pois/Air       #.....       100%        2    ###....
 Searing Ray              Conj           #.....       100%        2    ###....
 Slow                     Hex            #.......     100%        2    ###....
 Sticks to Snakes         Tmut           #.......     100%        2    ###....
 Swiftness                Chrm/Air       #.......     100%        2    ###....
 Throw Flame              Conj/Fire      #.....       100%        2    ###....
 Throw Frost              Conj/Ice       #.....       100%        2    ###....
 Call Canine Familiar     Summ           #.......     100%        3    ####...
 Conjure Flame            Conj/Fire      #.......     100%        3    ####...
 Dazzling Spray           Conj/Hex       #.....       100%        3    ####...
 Ignite Poison            Fire/Tmut/Pois #.......     100%        3    ####...
 Inner Flame              Hex/Fire       #.......     100%        3    ####...
 Lesser Beckoning         Tloc           #.........   100%        3    ####...
 Mephitic Cloud           Conj/Pois/Air  #.......     100%        3    ####...
 Portal Projectile        Hex/Tloc       #.....       100%        3    ####...
 Spider Form              Tmut/Pois      #.........   100%        3    ####...
 Static Discharge         Conj/Air       #.......     100%        3    ####...
 Stone Arrow              Conj/Erth      #.....       100%        3    ####...
 Summon Guardian Golem    Hex/Summ       #.......     100%        3    ####...
 Tukima's Dance           Hex            #.......     100%        3    ####...
 Airstrike                Air            #.........   100%        4    #####..
 Cause Fear               Hex            #.........   100%        4    #####..
 Force Lance              Conj/Tloc      #.......     100%        4    #####..
 Fulminant Prism          Conj/Hex       #.........   100%        4    #####..
 Ice Form                 Ice/Tmut       #.......     100%        4    #####..
 Iskenderun's Mystic Bla  Conj           #.......     100%        4    #####..
 Leda's Liquefaction      Hex/Erth       #.........   100%        4    #####..
 Olgreb's Toxic Radiance  Pois           #.......     100%        4    #####..
 Sticky Flame             Conj/Fire      #.......     100%        4    #####..
 Summon Ice Beast         Ice/Summ       #.......     100%        4    #####..
 Summon Lightning Spire   Summ/Air       #.......     100%        4    #####..
 Throw Icicle             Conj/Ice       #.......     100%        4    #####..
 Alistair's Intoxication  Tmut/Pois      #.......     100%        5    ######.
 Blade Hands              Tmut           #.........   100%        5    ######.
 Bolt of Draining         Conj/Necr      #.........   100%        5    ######.
 Bolt of Magma            Conj/Fire/Erth #.........   100%        5    ######.
 Borgnjor's Vile Clutch   Necr/Erth      #.........   100%        5    ######.
 Fireball                 Conj/Fire      #.........   100%        5    ######.
 Iskenderun's Battlesphe  Conj/Chrm      #.......     100%        5    ######.
 Lightning Bolt           Conj/Air       #.........   100%        5    ######.
 Venom Bolt               Conj/Pois      #.........   100%        5    ######.
 Freezing Cloud           Conj/Ice/Air   #.........   100%        6    #######
 Invisibility             Hex            #.......     100%        6    #######
 Iron Shot                Conj/Erth      #.........   100%        6    #######
 Shadow Creatures         Summ           N/A          100%        6    #######
 Haunt                    Necr/Summ      #.........   100%        7    #######
 Orb of Destruction       Conj           #.........   100%        7    #######
 Ring of Flames           Chrm/Fire      #.........   100%        7    #######
 Spellforged Servitor     Conj/Summ      #.........   100%        7    #######
 Borgnjor's Revivificati  Necr           #.........   100%        8    #######
 Death's Door             Chrm/Necr      #.........   100%        8    #######
 Infestation              Necr           #.........   100%        8    #######
 Necromutation            Tmut/Necr      #.........   100%        8    #######


Dungeon Overview and Level Annotations

Branches:
Dungeon (15/15)            Temple (1/1) D:7            Lair (6/6) D:11
  Swamp (0/4) Lair:2       Spider (0/4) Lair:2        Slime (0/5) Lair:5
    Orc (2/2) D:11            Elf (3/3) Orc:2        Vaults (0/5) D:13
 Depths (2/5) D:15

Altars:
Ashenzari
Dithmenos
Elyvilon
Fedhas
Gozag
Hepliaklqana
Kikubaaqudgha
Makhleb
Nemelex Xobeh
Okawaru
Qazlal
Ru
Sif Muna
Trog
Uskayaw
Vehumet
Wu Jian
Xom
Yredelemnul
Zin
The Shining One
Beogh
Jiyva

Shops:
Orc:2 [([*=

Portals:
Hell: Depths:1 Depths:2
Abyss: Depths:2
Pandemonium: Depths:1


Innate Abilities, Weirdness & Mutations

You have very sharp fingernails.
You are completely covered in rugged brown scales. (AC +3, +7% HP)
A demonic guardian rushes to your aid.
Your flesh is heat resistant. (rF+)
You are completely attuned to the shadows.
You are frail. (-10% HP)


Message History

You are feeling hungry.
The tengu warrior throws a stone.
The stone hits you!
* * * LOW HITPOINT WARNING * * *
You see here a stone.
A caustic shrike comes into view.
The caustic shrike screeches!
The caustic shrike claws you!
* * * LOW HITPOINT WARNING * * *
The acid corrodes you!
You are splashed with acid!
The acid burns!
* * * LOW HITPOINT WARNING * * *
The caustic shrike claws you but does no damage.
As you read the scroll of teleportation, it crumbles to dust.
You feel strangely unstable. You block the caustic shrike's attack.
The caustic shrike claws you!!
* * * LOW HITPOINT WARNING * * *
The acid corrodes you!
You are splashed with acid!
The acid burns!
* * * LOW HITPOINT WARNING * * *
The caustic shrike claws you but does no damage.
The caustic shrike claws you!!
You die...

..###...≈≈...''........#
.##..≈≈⌠≈....''.....⌠...
##...≈.......##.........
#.....(.############....
#.....###..........###..
##..''#.#....≈≈)[..# ###
####...''..≈8.≈..## #
##...bb#........#
##.##.@.#######''#
##.#.3.### #...###
#..#.(## +.....#
##....## +.....##
#...Q## #....')###
###'..# #####[[..#
#..'### ##...# #.)(.#
##.... #..).# .'..).


You could see 2 caustic shrikes, a tengu warrior and a friendly soul eater.

Vanquished Creatures
  A caustic shrike (Depths:2)
  A golden dragon (Depths:1)
  the Enchantress (Depths:1)
  Rupert (D:14)
  A lich (Depths:2)
  4 deep elf blademasters
  A deep elf master archer (Elf:3)
  2 sphinxes (Depths:2)
  Gastronok (Lair:3)
  Agnes (D:14)
  3 tengu reavers (Depths:2)
  3 frost giants
  Louise (Elf:1)
  4 fire giants
  3 deep elf sorcerers (Elf:3)
  An orc warlord (Elf:1)
  3 deep elf elementalists (Elf:3)
  6 stone giants
  3 spriggan defenders (Depths:1)
  A vampire knight (Depths:2)
  6 very ugly things (Depths:1)
  The ghost of CcS the Unseen, a journeyman SpEn of Kikubaaqudgha (D:14)
  Nessos (D:12)
  2 deep elf demonologists
  9 deep elf annihilators (Elf:3)
  3 dire elephants
  A spark wasp (Depths:1)
  9 purple draconians (WizLab)
  4 ettins (Depths:1)
  A deep elf death mage (Elf:3)
  9 statues (WizLab)
  5 jiangshi
  3 deep elf high priests
  8 fire dragons
  A rakshasa (Depths:2)
  Fannar (Lair:1)
  2 great orbs of eyes (Depths:1)
  4 ice dragons
  5 hydras
  A catoblepas (D:14)
  7 spriggan air magi
  9 death yaks
  An anaconda (Lair:6)
  9 centaur warriors
  A death knight (D:13)
  6 two-headed ogres
  23 dancing weapons
  3 tengu warriors
  4 vampire magi
  3 deep troll shamans (Depths:1)
  An ogre mage (D:13)
  2 deep troll earth magi (Depths:1)
  An orc high priest (Orc:2)
  3 spriggan berserkers (Depths:2)
  17 deep elf knights
  Nergalle (D:11)
  18 hell knights
  An iron troll (Depths:1)
  16 deep trolls (Depths:1)
  A glowing orange brain (Depths:2)
  4 unseen horrors
  13 deep elf archers
  A harpy (shapeshifter) (D:15)
  4 orc knights
  3 necromancers
  A wolf spider (Lair:3)
  2 cyclopes
  4 manticores
  15 ugly things
  56 deep elf magi
  4 orc sorcerers
  A salamander (D:15)
  8 elephants
  4 black mambas
  Psyche (D:9)
  An ice statue (IceCv)
  9 spiny frogs
  2 torpor snails (Lair:6)
  A spiny frog (shapeshifter) (Elf:1)
  3 gargoyles
  7 komodo dragons
  A centaur skeleton (D:10)
  5 rime drakes
  A komodo dragon (shapeshifter) (D:15)
  2 kobold demonologists
  A small abomination (Elf:1)
  13 yaktaurs (Depths:1)
  7 trolls
  2 jumping spiders (Lair:2)
  2 tengu conjurers
  5 hornets
  15 blink frogs
  6 slime creatures
  5 hippogriffs
  An air elemental (Elf:1)
  A redback (Lair:2)
  A shadow (D:14)
  3 spriggans
  Sigmund (D:3)
  2 wraiths
  A vampire (D:14)
  3 water elementals
  A wyvern (D:8)
  2 fire elementals
  53 yaks
  2 basilisks
  2 vampire mosquitoes (D:15)
  A basilisk (shapeshifter) (Elf:3)
  2 hungry ghosts
  3 wargs
  2 swamp worms (Lair:2)
  31 water moccasins
  An acid dragon (D:15)
  3 soldier ants
  10 porcupines
  42 orc warriors
  2 black bears
  17 ice beasts
  A phantom (D:10)
  6 sky beasts
  An eye of draining (D:12)
  A necrophage (D:6)
  13 ogres
  8 wolves
  4 boggarts (Depths:2)
  18 centaurs
  9 crocodiles
  5 big kobolds
  27 bullfrogs
  3 earth elementals
  Dowan (D:7)
  4 scorpions
  A wyvern skeleton (D:12)
  4 killer bees (D:13)
  7 wights
  An electric eel (Lair:5)
  2 howler monkeys
  7 crimson imps
  2 centaur zombies
  2 quasits
  4 bullfrog zombies
  22 orc priests
  4 hounds
  6 bullfrog skeletons
  8 jellies
  28 orc wizards
  4 iguanas
  13 worker ants
  6 hell rats (Lair:4)
  A hound zombie (D:8)
  2 hound skeletons
  4 gnolls (D:4)
  26 adders
  5 shadow imps
  3 oozes
  2 adder zombies
  2 adder skeletons
  3 worms
  2 dart slugs
  5 leopard geckos
  74 orcs
  A ball python (D:4)
  10 bats
  4 giant cockroaches
  5 goblins
  6 hobgoblins
  17 jackals
  36 kobolds
  5 quokkas
  6 frilled lizards
  2 jackal skeletons
  2 quokka skeletons
  A quokka zombie (D:5)
  4 rats
  3 fungi
  2 plants (D:9)
1096 creatures vanquished.

Vanquished Creatures (collateral kills)
  A caustic shrike (Depths:2)
  A titan (Depths:2)
  Frances (D:13)
  A sphinx (Depths:2)
  An orc warlord (Orc:2)
  3 deep elf sorcerers (Elf:3)
  A deep elf elementalist (Elf:3)
  2 deep elf demonologists
  A purple draconian (WizLab)
  2 dire elephants (Lair:6)
  An ettin (Depths:2)
  A deep elf death mage (Elf:3)
  Josephine (D:14)
  The ghost of Yheosepp the Carver, a journeyman HuGl of Uskayaw (Lair:3)
  An ogre mage (Orc:1)
  A fire dragon (Depths:1)
  3 hydras
  Erica (D:8)
  A centaur warrior (D:14)
  Harold (D:9)
  A dancing weapon (Elf:2)
  A deep troll shaman (Depths:1)
  3 catoblepae
  4 two-headed ogres
  2 orc high priests (Orc:2)
  A death yak (Lair:6)
  3 deep elf knights
  3 deep elf archers (Elf:3)
  8 deep elf magi
  An ugly thing (IceCv)
  2 orc knights
  A manticore (D:8)
  An ice statue (IceCv)
  6 elephants
  Joseph (D:8)
  2 black mambas (Lair:6)
  2 spiny frogs
  A kobold demonologist (D:11)
  2 komodo dragons
  A yaktaur (Depths:1)
  A troll (D:9)
  A hornet (Depths:2)
  4 slime creatures (D:13)
  11 blink frogs
  3 wraiths (D:14)
  2 redbacks (Lair:2)
  A spriggan (Depths:1)
  A water elemental (Elf:2)
  30 yaks
  A basilisk (Lair:5)
  A warg (Orc:1)
  2 water moccasins
  Duvessa (D:7)
  2 ice beasts
  Purgy (Sewer)
  6 orc warriors
  A porcupine (Lair:5)
  A necrophage (D:5)
  5 centaurs
  2 wolves (Lair:2)
  3 ogres
  A crocodile (Lair:6)
  4 bullfrogs
  A scorpion (D:8)
  5 wights
  A quasit (D:8)
  A bullfrog zombie (D:5)
  An orc priest (Orc:1)
  An iguana (D:11)
  4 orc wizards
  2 worker ants
  2 adders (Lair:5)
  6 orcs
  A frilled lizard (Sewer)
182 creatures vanquished.

Vanquished Creatures (others)
  A deep elf knight (Elf:3)
  A hound (D:10)
  A worker ant zombie (D:9)
  An orc (Orc:1)
  A bush (Lair:5)
  41 fungi
  17 plants
63 creatures vanquished.

Grand Total: 1341 creatures vanquished

Notes
Turn   | Place    | Note
-------+----------+-------------------------------------------
     0 | D:1      | galech the Demonspawn Fighter began the quest for the Orb.
     0 | D:1      | Reached XP level 1. HP: 18/18 MP: 1/1
    68 | D:1      | Gained mutation: You are partially covered in rugged brown
                  | scales. (AC +1, +3% HP) [demonic ancestry]
    68 | D:1      | Reached XP level 2. HP: 18/24 MP: 2/2
   506 | D:1      | Reached skill level 2 in Axes
   518 | D:1      | Gained mutation: You are mostly covered in rugged brown
                  | scales. (AC +2, +5% HP) [demonic ancestry]
   518 | D:1      | Reached XP level 3. HP: 2/30 MP: 3/3
  1626 | D:2      | Gained mutation: A weak demonic guardian rushes to your
                  | aid. [demonic ancestry]
  1626 | D:2      | Reached XP level 4. HP: 37/37 MP: 4/4
  2173 | D:3      | Noticed a sky beast
  2186 | D:3      | Killed a sky beast
  2186 | D:3      | Gained mutation: You are slightly more attuned to the
                  | shadows. [demonic ancestry]
  2186 | D:3      | Reached XP level 5. HP: 33/44 MP: 5/5
  2353 | D:3      | Noticed Sigmund
  2363 | D:3      | Killed Sigmund
  2363 | D:3      | Reached skill level 3 in Axes
  2363 | D:3      | Reached skill level 1 in Dodging
  2363 | D:3      | Gained mutation: A demonic guardian rushes to your aid.
                  | [demonic ancestry]
  2363 | D:3      | Reached XP level 6. HP: 43/50 MP: 6/6
  2530 | D:3      | Found a white marble altar of Elyvilon.
  3195 | D:4      | Reached skill level 4 in Axes
  3287 | D:4      | Found a glowing drain.
  3295 | Sewer    | Entered a sewer
  3503 | Sewer    | Noticed Purgy
  3510 | Sewer    | Killed Purgy
  3510 | Sewer    | Reached XP level 7. HP: 57/57 MP: 7/7
  3807 | D:5      | Entered Level 5 of the Dungeon
  3983 | D:5      | Found an opulent altar of Gozag.
  3987 | D:5      | Found a blossoming altar of Fedhas.
  3989 | D:5      | Found a hazy altar of Hepliaklqana.
  3991 | D:5      | Found a faded altar of an unknown god.
  4143 | D:5      | Found a faded altar of an unknown god.
  4167 | D:5      | Reached skill level 5 in Axes
  4359 | D:5      | Reached skill level 5 in Fighting
  4467 | D:5      | Gained mutation: You are significantly more attuned to the
                  | shadows. [demonic ancestry]
  4467 | D:5      | Reached XP level 8. HP: 61/64 MP: 8/8
  4476 | D:5      | Found a shimmering altar of Xom.
  4476 | D:5      | Found a shimmering altar of Xom.
  4477 | D:5      | Found a shimmering altar of Xom.
  4477 | D:5      | Found a shimmering altar of Xom.
  4477 | D:5      | Found a shimmering altar of Xom.
  5245 | D:6      | Reached skill level 6 in Axes
  5245 | D:6      | Reached skill level 5 in Shields
  5280 | D:6      | Found a glowing golden altar of the Shining One.
  5431 | D:6      | Found a basalt altar of Yredelemnul.
  5434 | D:6      | Reached skill level 5 in Armour
  5438 | D:6      | Noticed a profane servitor
  5471 | D:6      | Noticed an angel
  6095 | D:7      | Noticed Dowan
  6095 | D:7      | Noticed Duvessa
  6099 | D:7      | Killed Duvessa
  6140 | D:7      | Killed Dowan
  6463 | D:7      | Found a staircase to the Ecumenical Temple.
  6468 | Temple   | Entered the Ecumenical Temple
  6653 | Temple   | Became a worshipper of Warmaster Okawaru
  6777 | D:7      | Gained mutation: You are completely attuned to the shadows.
                  | [demonic ancestry]
  6777 | D:7      | Reached XP level 9. HP: 69/69 MP: 9/9
  6799 | D:7      | Found a sparkling altar of Nemelex Xobeh.
  7245 | D:8      | Found an ornate altar of the Wu Jian Council.
  7252 | D:8      | Reached skill level 7 in Axes
  7396 | D:8      | Noticed Joseph
  7424 | D:8      | Noticed Erica
  7426 | D:8      | Killed Joseph
  7426 | D:8      | Reached * piety under Okawaru
  7679 | D:8      | Killed Erica
  7794 | D:8      | Reached skill level 8 in Axes
  8045 | D:8      | Reached ** piety under Okawaru
  8060 | D:8      | Killed an unseen horror
  8060 | D:8      | Gained mutation: You have sharp fingernails. [demonic
                  | ancestry]
  8060 | D:8      | Reached XP level 10. HP: 19/77 MP: 10/10
  8082 | D:8      | Noticed a manticore
  8088 | D:8      | Killed a manticore
  8332 | D:8      | Found the +0 Maxwell's etheric cage {RegenMP+ *Contam rElec
                  | MP+4}
  9176 | D:9      | Reached *** piety under Okawaru
  9178 | D:9      | Reached skill level 9 in Axes
  9583 | D:9      | Received a gift from Okawaru
  9792 | D:9      | Reached skill level 1 in Stealth
  9912 | D:9      | Noticed Psyche
  9921 | D:9      | Killed Psyche
  9956 | D:9      | Noticed Harold
  9965 | D:9      | Killed Harold
  9965 | D:9      | Reached **** piety under Okawaru
 10000 | D:9      | Found a viscous altar of Jiyva.
 10598 | D:10     | Entered Level 10 of the Dungeon
 10705 | D:10     | Found a glowing golden altar of the Shining One.
 10791 | D:10     | Reached skill level 10 in Axes
 10801 | D:10     | Gained mutation: You are completely covered in rugged brown
                  | scales. (AC +3, +7% HP) [demonic ancestry]
 10801 | D:10     | Reached XP level 11. HP: 73/86 MP: 11/11
 10854 | D:10     | Received a gift from Okawaru
 11395 | D:11     | Noticed a two-headed ogre
 11400 | D:11     | Killed a two-headed ogre
 11491 | D:11     | Found a sacrificial altar of Ru.
 11533 | D:11     | Noticed a two-headed ogre
 11547 | D:11     | Killed a two-headed ogre
 11547 | D:11     | Reached ***** piety under Okawaru
 11552 | D:11     | Noticed a soul eater
 11632 | D:11     | Noticed Nergalle
 11652 | D:11     | Killed Nergalle
 11678 | D:11     | Found a staircase to the Orcish Mines.
 11811 | D:11     | Found a staircase to the Lair.
 11907 | D:11     | Noticed a seven-headed hydra
 11978 | Lair:1   | Entered Level 1 of the Lair of Beasts
 12055 | Lair:1   | Reached skill level 11 in Axes
 12241 | Lair:1   | Noticed Fannar
 12257 | Lair:1   | Killed Fannar
 12257 | Lair:1   | Received a gift from Okawaru
 12257 | Lair:1   | Reached skill level 1 in Invocations
 12382 | Lair:1   | Received a gift from Okawaru
 13026 | Lair:2   | Found a frozen archway.
 13052 | Lair:2   | Reached XP level 12. HP: 81/95 MP: 12/12
 13097 | IceCv    | Entered an ice cave
 13148 | IceCv    | Found a transporter.
 13152 | IceCv    | Got an emerald-studded ring mail
 13175 | IceCv    | Identified the +8 ring mail "Icaica" {Dex+4} (You found it
                  | in an ice cave)
 13215 | IceCv    | Found a transporter.
 13372 | IceCv    | Reached skill level 12 in Axes
 13600 | Lair:2   | Noticed a four-headed hydra
 13601 | Lair:2   | Received a gift from Okawaru
 13606 | Lair:2   | Killed a two-headed hydra
 13705 | Lair:2   | Found a hole to the Spider Nest.
 13714 | Lair:2   | Reached ****** piety under Okawaru
 14299 | Lair:2   | Noticed a death yak
 14308 | Lair:2   | Noticed a death yak
 14310 | Lair:2   | Killed a death yak
 14310 | Lair:2   | Noticed a death yak
 14319 | Lair:2   | Killed a death yak
 14335 | Lair:2   | Killed a death yak
 14383 | Lair:2   | Found a staircase to the Swamp.
 15120 | Lair:3   | Noticed a four-headed hydra
 15124 | Lair:3   | Killed a two-headed hydra
 15124 | Lair:3   | Received a gift from Okawaru
 15264 | Lair:3   | Noticed Yheosepp's ghost (journeyman HuGl)
 15269 | Lair:3   | Reached skill level 5 in Stealth
 15281 | Lair:3   | Found a transporter.
 15285 | Lair:3   | Found a transporter.
 15365 | Lair:3   | Noticed Gastronok
 15394 | Lair:3   | Killed Gastronok
 15394 | Lair:3   | Reached skill level 1 in Long Blades
 15394 | Lair:3   | Reached skill level 13 in Axes
 15394 | Lair:3   | Reached XP level 13. HP: 108/108 MP: 14/14
 15937 | Lair:4   | Received a gift from Okawaru
 16207 | Lair:4   | Reached skill level 10 in Shields
 16635 | Lair:4   | Found the +8 whip "Snakebite" {curare, rPois}
 17043 | Lair:5   | Received a gift from Okawaru
 17048 | Lair:5   | Got a bloodstained cloak {god gift}
 17059 | Lair:5   | Identified the +2 cloak of Dishonour {Dex+7} (Okawaru
                  | gifted it to you on level 5 of the Lair of Beasts)
 17420 | Lair:5   | Reached skill level 5 in Dodging
 17486 | Lair:5   | Found a staircase to the Slime Pits.
 17487 | Lair:5   | Found a viscous altar of Jiyva.
 17767 | Lair:5   | Reached skill level 10 in Fighting
 18135 | Lair:5   | Identified a scroll of acquirement
 18179 | Lair:5   | Reached skill level 14 in Axes
 18419 | Lair:5   | Received a gift from Okawaru
 18433 | Lair:5   | Reached XP level 14. HP: 79/117 MP: 15/15
 18639 | Lair:6   | Entered Level 6 of the Lair of Beasts
 20114 | Lair:6   | Found the ring of Robustness {AC+8}
 20670 | Orc:1    | Entered Level 1 of the Orcish Mines
 20955 | Orc:1    | Received a gift from Okawaru
 20969 | Orc:1    | Got a smoking crystal plate armour {god gift}
 20989 | Orc:1    | Identified the +3 crystal plate armour of Pathos {rC- Str+2
                  | Dex+4} (Okawaru gifted it to you on level 1 of the Orcish
                  | Mines)
 21175 | Orc:1    | Found a roughly hewn altar of Beogh.
 21410 | Orc:2    | Entered Level 2 of the Orcish Mines
 21484 | Orc:2    | Found a staircase to the Elven Halls.
 21502 | Orc:2    | Reached skill level 15 in Axes
 21521 | Orc:2    | Noticed an orc warlord
 21540 | Orc:2    | Killed an orc warlord
 21555 | Orc:2    | HP: 3/120 [orc sorcerer/bolt of negative energy (21)]
 21871 | Orc:2    | Found Perydusm's Jewellery Shoppe.
 21890 | Orc:2    | Found Qyafiwn's General Store.
 21933 | Orc:2    | Bought a potion of curing for 42 gold pieces
 21933 | Orc:2    | Bought a +0 broad axe for 56 gold pieces
 22156 | Orc:2    | Gained mutation: Your flesh is heat resistant. (rF+)
                  | [demonic ancestry]
 22156 | Orc:2    | Reached XP level 15. HP: 127/127 MP: 16/16
 22274 | Orc:2    | Found Toon's Armour Boutique.
 22310 | Orc:2    | Found Nisyod's Antique Armour Shoppe.
 22361 | Orc:2    | Found Moem's Antique Weapon Emporium.
 23003 | D:12     | Noticed Nessos
 23055 | D:12     | Killed Nessos
 23990 | D:13     | Received a gift from Okawaru
 24062 | D:13     | Got a smoking robe {god gift}
 24073 | D:13     | Identified the +1 robe "Riatreshum" {+Blink rElec Str-2}
                  | (Okawaru gifted it to you on level 13 of the Dungeon)
 24309 | D:13     | Found a gate to the Vaults.
 24315 | D:13     | Noticed Frances
 24334 | D:13     | Killed Frances
 24942 | D:14     | Found a runed gate.
 24942 | D:14     | Found a runed gate.
 24942 | D:14     | Noticed CcS's ghost (journeyman SpEn)
 24943 | D:14     | Found a runed gate.
 24948 | D:14     | Noticed Agnes
 24957 | D:14     | Killed Agnes
 24996 | D:14     | Noticed Josephine
 25006 | D:14     | Killed Josephine
 25007 | D:14     | Reached skill level 16 in Axes
 25042 | D:14     | Found a bloodstained altar of Trog.
 25160 | D:14     | Noticed Rupert
 25195 | D:14     | Killed Rupert
 25195 | D:14     | Received a gift from Okawaru
 25211 | D:14     | Got a twisted demon blade {god gift}
 25212 | D:14     | Identified the +3 demon blade of Juelam {flame, Dex+2}
                  | (Okawaru gifted it to you on level 14 of the Dungeon)
 25766 | D:14     | Got a fine golden amulet
 25768 | D:14     | Identified the amulet "Qoycwaf" {Spirit rElec} (You
                  | acquired it on level 14 of the Dungeon)
 26068 | D:14     | Was placed under penance by Okawaru
 26336 | Lair:3   | Killed Yheosepp's ghost
 26549 | D:15     | Entered Level 15 of the Dungeon
 26557 | D:15     | Was forgiven by Okawaru
 26779 | D:15     | Received a gift from Okawaru
 27109 | D:15     | Reached XP level 16. HP: 126/135 MP: 17/17
 27435 | D:15     | Found a staircase to the Depths.
 27882 | Elf:1    | Entered Level 1 of the Elven Halls
 27956 | Elf:1    | Noticed Louise
 27962 | Elf:1    | Gained mutation: You are frail. (-10% HP) [a cacodemon]
 27979 | Elf:1    | Killed Louise
 28346 | Elf:1    | Received a gift from Okawaru
 29228 | Elf:1    | Noticed a deep elf blademaster
 29234 | Elf:1    | Killed a deep elf blademaster
 29296 | Elf:1    | Reached skill level 17 in Axes
 29627 | Elf:2    | Found a deep blue altar of Sif Muna.
 29654 | Elf:2    | Received a gift from Okawaru
 29659 | Elf:2    | Got a spiked scale mail {god gift}
 29685 | Elf:2    | Identified the +0 scale mail "Ryogir" {rC+ Int+4} (Okawaru
                  | gifted it to you on level 2 of the Elven Halls)
 30431 | Elf:2    | Found a runed gate.
 30431 | Elf:2    | Found a runed gate.
 30431 | Elf:2    | Found a runed gate.
 30743 | Elf:2    | Gained mutation: You have very sharp fingernails. [demonic
                  | ancestry]
 30743 | Elf:2    | Reached XP level 17. HP: 115/132 MP: 18/18
 31045 | Elf:2    | Reached skill level 10 in Armour
 31077 | Elf:2    | Noticed a deep elf blademaster
 31092 | Elf:2    | Received a gift from Okawaru
 31095 | Elf:2    | Killed a deep elf blademaster
 31119 | Elf:2    | Got a spiked helmet {god gift}
 31298 | Elf:2    | Identified the +2 helmet "Saxad" {Regen+ Dex+4} (Okawaru
                  | gifted it to you on level 2 of the Elven Halls)
 31496 | Elf:3    | Entered Level 3 of the Elven Halls
 31572 | Elf:3    | Found a magical portal.
 31578 | WizLab   | Entered Iskenderun's Mystic Tower
 31833 | WizLab   | Reached skill level 18 in Axes
 32308 | WizLab   | Identified Iskenderun's Reference Book on Conjuration
 32308 | WizLab   | Identified Iskenderun's Handbook of Attacks
 32332 | WizLab   | Identified the Grimoire of Twisted Ice
 32332 | WizLab   | Identified the Papyrus of the Fiery Escort
 32695 | Elf:3    | Received a gift from Okawaru
 32706 | Elf:3    | Got a slimy ring mail {god gift}
 32717 | Elf:3    | Identified the +1 ring mail of the World {Dex+5} (Okawaru
                  | gifted it to you on level 3 of the Elven Halls)
 33065 | Elf:3    | Cast into level 3 of the Abyss (a deep elf sorcerer)
 33118 | Elf:3    | Escaped the Abyss
 33186 | Elf:3    | Noticed a deep elf blademaster
 33208 | Elf:3    | Killed a deep elf blademaster
 33233 | Elf:3    | Noticed a deep elf master archer
 33248 | Elf:3    | Killed a deep elf master archer
 33375 | Elf:3    | Reached XP level 18. HP: 141/141 MP: 20/20
 33388 | Elf:3    | Noticed a Tzitzimitl
 33674 | Elf:3    | Found the ring of the Mage {Wiz MR++ Int+3}
 34035 | Elf:3    | Was placed under penance by Okawaru
 34179 | Elf:3    | Was forgiven by Okawaru
 35008 | D:14     | Killed CcS's ghost
 35070 | Depths:1 | Entered Level 1 of the Depths
 35083 | Depths:1 | Received a gift from Okawaru
 35214 | Depths:1 | Received a gift from Okawaru
 35380 | Depths:1 | Noticed a golden dragon
 35397 | Depths:1 | Killed a golden dragon
 35441 | Depths:1 | Reached skill level 15 in Fighting
 35574 | Depths:1 | Reached skill level 19 in Axes
 35681 | Depths:1 | Identified the +4 faerie dragon scales {rCorr Str+4}
 35681 | Depths:1 | Noticed the Enchantress
 35707 | Depths:1 | Killed the Enchantress
 35829 | Depths:1 | Found a gateway to Hell.
 35854 | Depths:1 | Found a one-way gate leading to the halls of Pandemonium.
 35917 | Depths:1 | Reached skill level 10 in Stealth
 35917 | Depths:1 | Received a gift from Okawaru
 35921 | Depths:1 | Reached XP level 19. HP: 141/150 MP: 18/22
 36005 | Depths:1 | Reached skill level 15 in Shields
 36557 | Depths:1 | Received a gift from Okawaru
 36851 | Depths:2 | Found a one-way gate to the infinite horrors of the Abyss.
 37048 | Depths:2 | Noticed a caustic shrike
 37052 | Depths:2 | Noticed a caustic shrike
 37200 | Depths:2 | Received a gift from Okawaru
 37226 | Depths:2 | Received a gift from Okawaru
 37355 | Depths:2 | Identified the +5 dagger "Novilo" {drain, rF- Str+4 Int+4}
 37373 | Depths:2 | Noticed a caustic shrike
 37379 | Depths:2 | Killed a caustic shrike
 37382 | Depths:2 | Killed a caustic shrike
 37388 | Depths:2 | Reached XP level 20. HP: 36/161 MP: 4/23
 37421 | Depths:2 | Noticed a caustic shrike
 37423 | Depths:2 | Mangled by a caustic shrike

Vault maps used:
D:1:      scummos_arrival_checkerplants, minmay_tromino_v4_c
D:3:      elyvilon_altar_3, uniq_sigmund
D:4:      cheibrodos_sewer_entry_drain
D:5:      xom_redecorated, chequers_temple_overflow_minitemple, first_ration,
          grunt_decor_clamped
D:6:      grunt_temple_overflow_holy_war
D:7:      kennysheep_mini, temple_doors_ab, uniq_duvessa
D:8:      minmay_the_grid_triangle_9x9_recursive_2, lemuel_doored_altar,
          serial_bayou, serial_bayou_pond_e, serial_bayou_pond_e,
          serial_bayou_pond_a, serial_bayou_pond_d, uniq_erica, uniq_joseph
D:9:      kennysheep_kobold_camp, grunt_ogre_cave, minmay_misc_feat_plants,
          jiyva_altar_1, uniq_harold, uniq_psyche
D:10:     tso_metal_star
D:11:     grunt_lair_entry_orc_guard_hut, palyth_stone_intersect,
          grunt_ministairs_9, nicolae_ru_path_of_blood, uniq_nergalle
D:12:     serial_glass, glass_columns_a, glass_columns_a, glass_columns_a,
          glass_columns_b, glass_columns_b, glass_columns_a, uniq_nessos
D:13:     david_vaults_2, uniq_frances
D:14:     ebering_ghost_rock_garden, david_defended_altar_orc, uniq_agnes,
          uniq_rupert, uniq_josephine
D:15:     hangedman_depths_entry_try_elsewhere_first, grunt_decor_mini_mirrors,
          kennysheep_inner_square
Temple:   nicolae_temple_figure_eight
Lair:1:   serial_bayou_crossing, uniq_fannar
Lair:2:   minmay_swamp_entry_worms, nicolae_spider_entry_tight_spaces,
          portal_ice_cave_entry_ice_beasts, minivault_24, grunt_megastairs_4,
          lemuel_fruit_fields
Lair:3:   gammafunk_ghost_arena, minmay_holes, grunt_megastairs_5,
          uniq_gastronok
Lair:4:   minmay_guarded_unrand_snakebite, lemuel_fruit_tree, grunt_megastairs_2
Lair:5:   lemuel_reptile_caves, slime_altar_1
Lair:6:   due_jungle_book
Orc:1:    mines2_david
Orc:2:    grunt_orc_gardens, grunt_orc_garden, grunt_orc_garden,
          grunt_orc_garden, grunt_orc_garden, serial_shops,
          nicolae_shop_statue_plus
Elf:1:    cheibrodos_elf_bladeworks, special_room,
          kennysheep_underground_church, st_stairs_3, uniq_louise
Elf:2:    basic_altar
Elf:3:    minmay_elf_hall_dome, mu_enter_wizlab_5, minivault_25
Depths:1: grunt_pan_entry_in_and_out, hell_entry, nicolae_benzene_ring,
          evilmike_minifort, grunt_megastairs_3, uniq_enchantress
Depths:2: grunt_runaround, abyss_entry, hell_entry
Abyss:3:  evilmike_abyss_exit_6, minivault_5, evilmike_abyss_exit_mutagenic
Sewer:    sewer_co_purgy_island
IceCv:    ice_cave_statue_garden_transporter
WizLab:   wizlab_iskenderun

Skill      XL: |  1  2  3  4  5  6  7  8  9 10 11 12 13 14 15 16 17 18 19 |
---------------+----------------------------------------------------------+-----
Axes           | 2 3 4 5 6 8 10 11 13 14 15 16 17 18 19 | 19.8
Shields        | 3 4 5 6 7 8 9 10 11 12 13 14 15 | 15.7
Armour         | 3 4 5 6 7 8 9 10 11 12 | 12.1
Fighting       | 4 5 6 7 8 9 10 11 12 13 14 15 16 | 16.3
Dodging        | 1 2 4 5 6 |  6.1
Stealth        | 2 3 5 7 8 9 10 | 10.9
Invocations    | 1 2 3 4 |  4.3
Long Blades    | 1 2 3 |  3.3

Action                   |  1- 3 |  4- 6 |  7- 9 | 10-12 | 13-15 | 16-18 | 19-21 || total
-------------------------+-------+-------+-------+-------+-------+-------+-------++-------
Melee: War axe           |   124 |   170 |   552 |   951 |  1192 |       |       ||  2989
       Scimitar          |       |       |       |     5 |     2 |       |       ||     7
       Broad axe         |       |       |       |       |   779 |  1134 |   363 ||  2276
       Demon blade       |       |       |       |       |    62 |    29 |       ||    91
Invok: Heroism           |       |       |     1 |    13 |     8 |    11 |     2 ||    35
       Finesse           |       |       |       |       |     2 |     2 |       ||     4
  Use: Scroll            |       |     4 |     6 |     2 |     3 |    18 |     3 ||    36
       Potion            |       |     1 |       |     2 |     6 |       |     1 ||    10
 Stab: Distracted        |       |     1 |       |    13 |    17 |    12 |    10 ||    53
       Sleeping          |       |       |       |    20 |    27 |       |       ||    47
       Petrified         |       |       |       |       |     5 |       |       ||     5
       Petrifying        |       |       |       |       |     2 |       |       ||     2
  Eat: Chunk             |     2 |     7 |    22 |    25 |    47 |    23 |     6 ||   132
       Ration            |       |       |       |     2 |       |     2 |       ||     4
Armor: Scale mail        |   110 |    59 |       |       |       |       |       ||   169
       Plate armour      |       |    44 |   450 |    13 |       |       |       ||   507
       Chain mail        |       |       |       |   423 |       |       |       ||   423
       Ring mail         |       |       |       |   104 |   278 |       |       ||   382
       Robe              |       |       |       |     7 |       |       |       ||     7
       Crystal plate arm |       |       |       |       |   695 |   521 |       ||  1216
       Gold dragon scale |       |       |       |       |       |    68 |   276 ||   344
Dodge: Dodged            |    64 |    51 |    84 |   303 |   593 |   222 |   106 ||  1423
Block: Shield            |    70 |    96 |   274 |   655 |  1286 |   629 |   281 ||  3291
       Rpst.: Scimitar   |       |       |       |     2 |       |       |       ||     2
       Demon blade       |       |       |       |       |     3 |     1 |       ||     4

Table legend:
 A = Non-vault XP
 B = Vault XP
 C = Vault XP percentage of total XP
 D = Non-vault monster count
 E = Vault monster count
 F = Vault count percentage of total count
                 A         B        C        D         E       F
            +---------+---------+-------+---------+---------+-------
      Total |  224896 |  250287 |  52.7 |     861 |     414 |  32.5
            +---------+---------+-------+---------+---------+-------
        D:1 |      43 |       2 |   4.4 |      19 |       1 |   5.0
        D:2 |      55 |       0 |   0.0 |      25 |       0 |   0.0
        D:3 |     193 |     193 |  50.0 |      20 |       1 |   4.8
        D:4 |     166 |       9 |   5.1 |      11 |       3 |  21.4
        D:5 |     684 |       0 |   0.0 |      22 |       0 |   0.0
        D:6 |     692 |       0 |   0.0 |      17 |       0 |   0.0
        D:7 |     651 |     130 |  16.6 |      19 |       2 |   9.5
        D:8 |    1324 |    2338 |  63.8 |      20 |      13 |  39.4
        D:9 |    1564 |    1640 |  51.2 |      14 |      28 |  66.7
       D:10 |    1998 |       0 |   0.0 |      26 |       0 |   0.0
       D:11 |    3672 |    1798 |  32.9 |      25 |       9 |  26.5
       D:12 |    5651 |    1030 |  15.4 |      45 |       1 |   2.2
       D:13 |    8306 |    4671 |  36.0 |      39 |       4 |   9.3
       D:14 |   10823 |    8086 |  42.8 |      35 |      11 |  23.9
       D:15 |   10959 |    5053 |  31.6 |      29 |       7 |  19.4
     Lair:1 |    3988 |     693 |  14.8 |      22 |       1 |   4.3
     Lair:2 |    8052 |    2968 |  26.9 |      38 |      17 |  30.9
     Lair:3 |    3872 |    3876 |  50.0 |      16 |       7 |  30.4
     Lair:4 |    7045 |    1490 |  17.5 |      35 |      11 |  23.9
     Lair:5 |   13323 |    2951 |  18.1 |      48 |      33 |  40.7
     Lair:6 |   18335 |    2442 |  11.8 |      58 |       5 |   7.9
      Orc:1 |    7083 |      24 |   0.3 |      68 |       8 |  10.5
      Orc:2 |    2495 |    8220 |  76.7 |      45 |      27 |  37.5
      Elf:1 |    7425 |   17440 |  70.1 |      13 |      32 |  71.1
      Elf:2 |   19740 |   23989 |  54.9 |      34 |      30 |  46.9
      Elf:3 |   22831 |   36750 |  61.7 |      37 |      27 |  42.2
   Depths:1 |   63548 |   26648 |  29.5 |      79 |      28 |  26.2
   Depths:2 |     378 |   66146 |  99.4 |       2 |      59 |  96.7
      Sewer |       0 |     134 | 100.0 |       0 |       7 | 100.0
      IceCv |       0 |    2533 | 100.0 |       0 |      10 | 100.0
     WizLab |       0 |   29033 | 100.0 |       0 |      32 | 100.0
            +---------+---------+-------+---------+---------+-------
